 Dungeon Crawl Stone Soup version 0.24-a0-368-g0e0cebd0f3 (webtiles) character file.

Game seed: 9159515086259974896

241552 Napalmbreeze the Warrior (level 19, -4/255 HPs)
             Began as a Barachi Berserker on May 29, 2019.
             Was a High Priest of Trog.
             Hit by a javelin thrown by a merfolk javelineer (11 damage)
             ... on level 4 of the Shoals.
             The game lasted 01:47:18 (39298 turns).

Napalmbreeze the Warrior (Barachi Berserker)       Turns: 39298, Time: 01:47:18

Health: -4/255     AC: 29    Str: 39    XL:     19   Next: 81%
Magic:  0/19       EV: 14    Int:  9    God:    Trog [*****.]
Gold:   2583       SH: 15    Dex: 11    Spells: 18/18 levels left

rFire    . . .     SeeInvis .   d - +9 demon blade (elec)
rCold    + . .     Gourm    .   N - +0 shield {reflect}
rNeg     + + .     Faith    .   L - +8 plate armour of the Bouncing Nights {rC+ rN+ MP-9}
rPois    .         Spirit   +   l - +2 hat {MR+}
rElec    .         Reflect  +   s - scarf {cloud immunity}
rCorr    .         Harm     .   B - +0 pair of gloves
MR       ++...                  (no boots)
Stlth    ..........             Y - amulet of guardian spirit
HPRegen  0.52/turn              R - ring "Oriotus" {Str+6 Int+2}
MPRegen  0.16/turn              A - ring of positive energy

@: berserking (expiring), lethally poisoned (-4 -> -34), quick
A: +LOS, swims, slowness 1, strong legs 2
}: 1/15 runes: gossamer
a: Hop, Berserk, Trog's Hand, Brothers in Arms, Renounce Religion


You were on level 4 of the Shoals.
You worshipped Trog.
Trog was extremely pleased with you.
You were hungry.

You visited 5 branches of the dungeon, and saw 31 of its levels.
You also visited: Bailey and Gauntlet.

You collected 2878 gold pieces.
You spent 295 gold pieces at shops.

Inventory:

Hand Weapons
 d - a +9 demon blade of electrocution (weapon)
 F - a +1 scimitar of flaming
 O - a +6 triple sword of holy wrath
Armour
 a - a +1 plate armour of poison resistance
 l - a +2 hat of magic resistance (worn)
 s - a scarf of cloud immunity (worn)
 B - a +0 pair of gloves (worn)
 L - the +8 plate armour of the Bouncing Nights (worn) {rC+ rN+ MP-9}
   (You found it on level 5 of the Lair of Beasts)

   It protects you from cold.
   It protects you from negative energy.
   It affects your magic capacity (-9).
 N - a +0 shield of reflection (worn)
Jewellery
 w - an uncursed ring of flight
 A - a ring of positive energy (right hand)
 C - an uncursed ring of protection from cold
 R - the ring "Oriotus" (left hand) {Str+6 Int+2}
   (You found it in a Gauntlet)

   [ring of strength]

   It affects your strength (+6).
   It affects your intelligence (+2).
 Y - an amulet of guardian spirit (around neck)
Wands
 u - a wand of acid (55)
 v - a wand of digging (23)
 y - a wand of scattershot (13)
 D - a wand of iceblast (13)
 E - a wand of disintegration (5)
 H - a wand of paralysis (22)
 I - a wand of enslavement (7)
 W - a wand of polymorph (14)
Scrolls
 e - 5 scrolls of fog
 i - 2 scrolls of enchant armour
 m - 4 scrolls of blinking
 o - 5 scrolls of remove curse
 p - 4 scrolls of fear
 q - 11 scrolls of teleportation
 t - a scroll of enchant weapon
 G - 3 scrolls of immolation
 M - a scroll of brand weapon
 Q - 2 scrolls of silence
 T - a scroll of acquirement {unknown}
 U - 2 scrolls of holy word
 V - 2 scrolls of identify
 Z - 5 scrolls of magic mapping
Potions
 b - a potion of resistance
 f - 3 potions of flight
 g - 11 potions of curing
 j - 2 potions of cancellation
 k - 9 potions of haste
 n - 3 potions of invisibility
 r - 4 potions of agility
 x - 9 potions of heal wounds
 z - 6 potions of lignification
 K - 2 potions of might
 P - 3 potions of ambrosia
Miscellaneous
 J - a phial of floods
 S - a lamp of fire
Comestibles
 c - 37 rations
 h - 4 chunks of flesh


   Skills:
 + Level 20.5 Fighting
 + Level 16.0 Long Blades
   Level 3.6(4.7) Axes
   Level 4.5(5.1) Maces & Flails
 * Level 16.9 Armour
 + Level 10.5 Dodging
 - Level 15.0 Shields
 + Level 12.5 Evocations


You had 18 spell levels left.
You didn't know any spells.
Your spell library was empty.

Dungeon Overview and Level Annotations

Branches:
Dungeon (15/15)            Temple (0/1) D:4            Lair (6/6) D:11
 Shoals (4/4) Lair:2       Spider (4/4) Lair:4        Slime (0/5) Lair:5
    Orc (2/2) D:9             Elf (0/3) Orc:2        Vaults (0/5) D:14
 Depths (0/5) D:15

Altars:
Cheibriados
Dithmenos
Fedhas
Kikubaaqudgha
Qazlal
Ru
Trog
Uskayaw
Yredelemnul
Zin
Jiyva

Shops:
Orc:2 *}[!   Shoals:2 %

Portals:
Trove: D:13 (give +3 storm dragon scales)

Annotations:
D:8 Maurice
D:13 1 runed translucent door, exclusion: orange crystal statue, MisterOstroum's ghost, journeyman DsWn
Lair:2 3 runed translucent doors, exclusion: 3 doors, pentaxis93's ghost, journeyman DEFE


Innate Abilities, Weirdness & Mutations

Shadows flee at your approach. (+LOS)
You can swim through water.
You cover ground slowly.
You can hop long distances.


Message History

You are too berserk!
You closely miss the merfolk javelineer.
* * * LOW HITPOINT WARNING * * *
You feel sick.
Unknown command.
You closely miss the merfolk javelineer.
The merfolk javelineer is moderately wounded.
* * * LOW HITPOINT WARNING * * *
You feel sick. The merfolk impaler barely misses you.
The merfolk javelineer throws a silver javelin.
The silver javelin barely misses you.
The merfolk javelineer throws a javelin.
The javelin misses you.
You slice the merfolk javelineer!!
The merfolk javelineer is almost dead.
* * * LOW HITPOINT WARNING * * *
You feel sick.
The merfolk javelineer throws a javelin.
The javelin pierces through you!
You die...

≈.......P≈≈≈≈≈≈≈≈≈≈
≈.....≈PP≈≈.P≈≈≈≈≈≈
≈......P≈≈≈..≈....
≈.......P≈≈../..#
#.............#
≈..#####...(....#
##...##.......####
#...mm#††......≈≈.
#..mm@'.....(≈≈≈≈≈
#...)(#...≈≈≈≈≈≈≈≈.
##...##...≈≈≈≈≈≈≈≈≈.
≈≈#####....≈≈≈≈≈≈≈≈≈≈
≈≈≈.........≈≈≈≈≈≈≈≈≈
.≈≈........≈≈≈≈≈≈≈≈≈≈≈
..≈........≈≈≈≈≈≈≈≈≈≈≈
≈≈≈.....[..≈≈≈≈≈≈≈≈≈≈≈
≈≈≈≈...≈....≈≈≈≈≈≈≈≈≈≈


You could see a merfolk impaler and 3 merfolk javelineers.

Vanquished Creatures
  Arachne (Spider:4)
  Jorgrun (Spider:2)
  Polyphemus (Shoals:4)
  Gastronok (D:10)
  Kirke (Shoals:2)
  Agnes (D:15)
  Donald (Orc:2)
  2 ghost moths (Spider:4)
  8 emperor scorpions
  An orc warlord (Bailey)
  6 entropy weavers
  Nessos (Lair:6)
  Azrael (Spider:3)
  A minotaur (Gauntlet)
  2 spark wasps (Spider:4)
  Josephine (Lair:4)
  3 merfolk javelineers
  An ettin (D:15)
  9 merfolk impalers
  Harold (D:7)
  An ice dragon (Lair:5)
  4 hydras
  A fire dragon (Lair:6)
  A great orb of eyes (D:14)
  Fannar (Lair:3)
  A catoblepas (Shoals:4)
  Erica (D:8)
  2 merfolk avatars
  A queen ant (Spider:4)
  An alligator (Shoals:4)
  A centaur warrior (D:14)
  9 two-headed ogres
  3 alligator snapping turtles
  9 death yaks
  3 merfolk aquamancers
  A satyr (Shoals:2)
  A tengu warrior (D:15)
  Urug (D:10)
  3 orc high priests (Orc:2)
  A soul eater (Gauntlet)
  A hell knight (D:15)
  A sixfirhy (Gauntlet)
  6 sea snakes
  A fire crab (Lair:6)
  An unseen horror (D:10)
  A deep elf mage (D:15)
  16 harpies
  A deep elf archer (D:15)
  An oklob plant (Lair:4)
  3 orc knights
  28 orb spiders
  29 wolf spiders
  13 ugly things
  7 manticores
  3 orc sorcerers
  7 fauns
  2 moths of wrath
  8 cyclopes
  5 black mambas
  3 elephants (Lair:2)
  6 merfolk sirens
  3 molten gargoyles (Lair:6)
  A gargoyle (D:14)
  Joseph (D:8)
  15 spiny frogs
  6 water nymphs
  A torpor snail (Spider:2)
  3 rime drakes (Lair:5)
  6 komodo dragons
  5 kobold demonologists
  5 demonic crawlers
  A freezing wraith (D:14)
  A queen bee (Lair:1)
  21 jumping spiders
  23 merfolk
  A tengu conjurer (D:15)
  4 trolls
  4 slime creatures (D:12)
  6 hornets
  4 wind drakes
  10 dream sheep
  14 blink frogs
  5 snapping turtles
  4 small abominations (Gauntlet)
  8 hippogriffs
  A spriggan (D:7)
  3 wraiths (Lair:4)
  29 tarantellas
  3 hogs (Shoals:2)
  77 redbacks
  27 yaks
  4 water elementals
  Grum (D:10)
  5 wyverns
  11 basilisks
  16 humans (D:14)
  3 hungry ghosts
  2 steam dragons (D:11)
  A fire elemental (Spider:3)
  A warg (Orc:1)
  6 vampire mosquitoes
  10 soldier ants
  4 acid dragons
  3 large abominations (Gauntlet)
  9 hell hounds
  2 porcupines
  23 orc warriors
  A hornet zombie (D:11)
  5 water moccasins
  3 eyes of draining
  A black bear (D:9)
  4 ice beasts
  4 phantoms
  5 sky beasts
  12 wolves
  15 ogres
  9 crocodiles
  6 centaurs
  7 big kobolds
  17 bullfrogs
  2 wyvern zombies
  6 scorpions
  36 killer bees
  6 wights
  4 howler monkeys
  4 electric eels
  9 crimson imps
  5 lava snakes (Lair:6)
  3 bullfrog zombies
  9 hounds
  2 centaur zombies (D:5)
  A gnoll shaman (Orc:2)
  6 jellies
  A quasit (D:14)
  24 orc priests
  4 centaur skeletons
  5 iguanas
  22 orc wizards
  26 worker ants
  4 hell rats (Lair:5)
  A killer bee zombie (D:8)
  A hound zombie (D:8)
  A hound skeleton (D:7)
  A worker ant zombie (D:10)
  6 gnolls
  20 adders
  8 shadow imps
  3 white imps (Lair:5)
  2 ufetubi (Gauntlet)
  4 oozes
  2 worms
  3 dart slugs
  3 leopard geckos
  87 orcs
  4 bat zombies (D:6)
  5 giant cockroaches
  10 hobgoblins
  9 jackals
  7 quokkas
  2 ball pythons
  12 bats
  11 frilled lizards
  16 goblins
  41 kobolds
  A leopard gecko skeleton (D:6)
  2 quokka skeletons
  11 rats
  A fungus (Lair:4)
  A plant (Shoals:4)
1169 creatures vanquished.

Vanquished Creatures (collateral kills)
  An orc high priest (Orc:2)
  2 rime drakes (Lair:4)
  A hornet (Spider:4)
  A wyvern (D:10)
  5 orc warriors (Orc:2)
  9 orc wizards (Orc:2)
  5 orc priests (Orc:2)
  A small abomination (Gauntlet)
  2 orcs (Orc:2)
27 creatures vanquished.

Vanquished Creatures (others)
  A merfolk javelineer (Shoals:2)
  A cyclops (Shoals:3)
  A merfolk (Shoals:3)
  A shadow (D:15)
  A redback (Spider:3)
  A fire elemental (Spider:3)
  2 humans (Shoals:2)
  2 centaurs
  A hound (D:11)
  A fungus (Lair:3)
  2 plants
  2 withered plants (D:13)
16 creatures vanquished.

Grand Total: 1212 creatures vanquished

Notes
Turn   | Place    | Note
-------+----------+-------------------------------------------
     0 | D:1      | Napalmbreeze the Barachi Berserker began the quest for the
                  | Orb.
     0 | D:1      | Reached XP level 1. HP: 18/18 MP: 1/1
    87 | D:1      | Reached XP level 2. HP: 13/25 MP: 2/2
   303 | D:1      | Reached skill level 4 in Fighting
   610 | D:1      | Reached XP level 3. HP: 30/30 MP: 3/3
   629 | D:1      | Reached ** piety under Trog
  1420 | D:2      | Reached XP level 4. HP: 30/38 MP: 4/4
  2583 | D:3      | Reached skill level 1 in Maces & Flails
  2922 | D:3      | Reached skill level 5 in Fighting
  3218 | D:3      | Found a glowing silver altar of Zin.
  3261 | D:3      | Reached XP level 5. HP: 44/44 MP: 5/5
  3767 | D:4      | Reached *** piety under Trog
  4065 | D:4      | Reached XP level 6. HP: 13/52 MP: 6/6
  4316 | D:4      | Found a staircase to the Ecumenical Temple.
  4337 | D:4      | Reached skill level 6 in Fighting
  4682 | D:5      | Entered Level 5 of the Dungeon
  4828 | D:5      | Reached XP level 7. HP: 59/59 MP: 7/7
  5301 | D:5      | Reached skill level 7 in Fighting
  5458 | D:5      | Reached skill level 5 in Armour
  5894 | D:6      | Reached XP level 8. HP: 68/68 MP: 8/8
  5955 | D:6      | Found a blossoming altar of Fedhas.
  6084 | D:6      | Reached skill level 8 in Fighting
  6084 | D:6      | Reached skill level 5 in Dodging
  6270 | D:6      | Found an ancient bone altar of Kikubaaqudgha.
  6491 | D:6      | Reached **** piety under Trog
  6541 | D:6      | Found a shadowy altar of Dithmenos.
  6672 | D:7      | Reached skill level 1 in Long Blades
  7008 | D:7      | Reached skill level 5 in Long Blades
  7008 | D:7      | Reached XP level 9. HP: 75/75 MP: 9/9
  7128 | D:7      | Found a bloodstained altar of Trog.
  7388 | D:7      | Noticed Harold
  7406 | D:7      | Killed Harold
  7406 | D:7      | Reached skill level 9 in Fighting
  7651 | D:7      | Reached XP level 10. HP: 85/85 MP: 10/10
  7702 | D:7      | Reached skill level 10 in Fighting
  7790 | D:7      | Reached ***** piety under Trog
  8288 | D:8      | Noticed Joseph
  8303 | D:8      | Killed Joseph
  8530 | D:8      | Found a sacrificial altar of Ru.
  8531 | D:8      | Noticed Maurice
  9184 | D:8      | Noticed Erica
  9190 | D:8      | Noticed a two-headed ogre
  9197 | D:8      | Killed Erica
  9197 | D:8      | Reached skill level 11 in Fighting
  9205 | D:8      | Killed a two-headed ogre
  9585 | D:8      | Noticed a wolf spider
  9741 | D:8      | Received a gift from Trog
  9741 | D:8      | Reached skill level 10 in Long Blades
  9741 | D:8      | Reached XP level 11. HP: 94/94 MP: 11/11
  9892 | D:9      | Noticed a two-headed ogre
  9898 | D:9      | Killed a two-headed ogre
 10062 | D:9      | Found a hide-covered altar of Uskayaw.
 10132 | D:9      | Found a flagged portal.
 10139 | Bailey   | Entered a bailey
 10143 | Bailey   | Noticed an orc warlord
 10297 | Bailey   | Found a runed translucent gate.
 10299 | Bailey   | Found a runed translucent gate.
 10301 | Bailey   | Found a runed translucent gate.
 10478 | Bailey   | Killed an orc warlord
 10566 | D:9      | Found a snail-covered altar of Cheibriados.
 10573 | D:9      | Found a staircase to the Orcish Mines.
 10835 | D:9      | Found a basalt altar of Yredelemnul.
 10956 | D:10     | Entered Level 10 of the Dungeon
 10965 | D:10     | Noticed a cyclops
 10971 | D:10     | Killed a cyclops
 11412 | D:10     | Noticed a two-headed ogre
 11418 | D:10     | Killed a two-headed ogre
 11424 | D:10     | Noticed Gastronok
 11664 | D:10     | Killed an unseen horror
 11668 | D:10     | Killed Gastronok
 11674 | D:10     | Noticed Grum
 11676 | D:10     | Reached XP level 12. HP: 100/100 MP: 0/12
 11680 | D:10     | Reached skill level 1 in Evocations
 11687 | D:10     | Killed Grum
 11885 | D:10     | Noticed Urug
 11898 | D:10     | Killed Urug
 12722 | D:11     | Reached skill level 12 in Fighting
 13261 | D:11     | Noticed a two-headed ogre
 13264 | D:11     | Killed a two-headed ogre
 13264 | D:11     | Reached skill level 5 in Evocations
 13280 | D:11     | Found a staircase to the Lair.
 13409 | Lair:1   | Entered Level 1 of the Lair of Beasts
 14337 | Lair:1   | Reached skill level 10 in Armour
 14384 | Lair:2   | Noticed a death yak
 14385 | Lair:2   | Noticed a death yak
 14386 | Lair:2   | Noticed a death yak
 14392 | Lair:2   | Noticed a death yak
 14393 | Lair:2   | Noticed a death yak
 14393 | Lair:2   | Noticed a death yak
 14400 | Lair:1   | Killed a death yak
 14400 | Lair:1   | Gained mutation: You can hop long distances. [Barachi
                  | growth]
 14400 | Lair:1   | Reached XP level 13. HP: 57/109 MP: 18/18
 14705 | Lair:2   | Found a staircase to the Shoals.
 14974 | Lair:2   | Reached skill level 13 in Fighting
 15345 | Lair:2   | Found a runed translucent gate.
 15345 | Lair:2   | Found a runed translucent gate.
 15345 | Lair:2   | Found a runed translucent gate.
 15345 | Lair:2   | Noticed pentaxis93's ghost (journeyman DEFE)
 15811 | Lair:3   | Noticed Fannar
 15825 | Lair:3   | Killed Fannar
 15825 | Lair:3   | Reached skill level 14 in Fighting
 15883 | Lair:3   | Received a gift from Trog
 16625 | Lair:4   | Found a gate leading to a gauntlet.
 16635 | Gauntlet | Entered a Gauntlet
 16635 | Gauntlet | Found a transporter.
 16635 | Gauntlet | Found a transporter.
 16635 | Gauntlet | Found a transporter.
 16637 | Gauntlet | Found a transporter.
 16637 | Gauntlet | Found a transporter.
 16639 | Gauntlet | Found a transporter.
 16648 | Gauntlet | Found a transporter.
 16648 | Gauntlet | Found a transporter.
 16650 | Gauntlet | Found a transporter.
 16657 | Gauntlet | Noticed a green death
 16658 | Gauntlet | Found a transporter.
 16660 | Gauntlet | Found a transporter.
 16687 | Gauntlet | Found a transporter.
 17078 | Gauntlet | Got a smoking lapis lazuli ring
 17246 | Gauntlet | Identified the +7 arbalest of Megalomania {speed, Str+4}
 17246 | Gauntlet | Noticed a minotaur
 17254 | Gauntlet | Killed a minotaur
 17487 | Lair:4   | Reached skill level 15 in Fighting
 17731 | Lair:4   | Noticed Josephine
 17743 | Lair:4   | Killed Josephine
 18001 | Lair:4   | Found a hole to the Spider Nest.
 18018 | Lair:4   | Reached XP level 14. HP: 105/124 MP: 20/20
 18273 | Lair:5   | Reached skill level 16 in Fighting
 18361 | Lair:5   | Identified the ring "Oriotus" {Str+6 Int+2} (You found it
                  | in a Gauntlet)
 18429 | Lair:5   | Reached skill level 17 in Fighting
 18429 | Lair:5   | Reached XP level 15. HP: 134/134 MP: 11/21
 18430 | Lair:5   | Reached skill level 18 in Fighting
 18430 | Lair:5   | Reached XP level 16. HP: 145/145 MP: 12/22
 18517 | Lair:5   | Found a runed translucent door.
 18517 | Lair:5   | Found a viscous altar of Jiyva.
 18518 | Lair:5   | Found a staircase to the Slime Pits.
 18663 | Lair:5   | Got a distressingly furry plate armour
 18674 | Lair:5   | Identified the +8 plate armour of the Bouncing Nights {rC+
                  | rN+ MP-9} (You found it on level 5 of the Lair of Beasts)
 19074 | Lair:6   | Entered Level 6 of the Lair of Beasts
 19552 | Lair:6   | Noticed Nessos
 19565 | Lair:6   | Killed Nessos
 19571 | Lair:6   | Received a gift from Trog
 19958 | Lair:6   | Reached skill level 19 in Fighting
 20207 | Lair:6   | Found a large runed translucent door.
 20207 | Lair:6   | Found a large runed translucent door.
 20924 | D:12     | Found a stormy altar of Qazlal.
 21258 | D:12     | Reached skill level 10 in Evocations
 21757 | D:13     | Received a gift from Trog
 22147 | D:13     | You fall into a shaft and drop 1 floor!
 22429 | D:14     | Found a gate to the Vaults.
 22692 | D:13     | Found a portal to a secret trove of treasure.
 22886 | D:13     | Found a snail-covered altar of Cheibriados.
 22898 | D:13     | Found a runed translucent door.
 22898 | D:13     | Noticed MisterOstroum's ghost (journeyman DsWn)
 22934 | D:13     | Reached XP level 17. HP: 132/154 MP: 13/25
 23048 | D:13     | Received a gift from Trog
 23600 | D:15     | Entered Level 15 of the Dungeon
 24199 | D:15     | Noticed Agnes
 24215 | D:15     | Killed Agnes
 25141 | D:15     | Found a staircase to the Depths.
 25167 | D:15     | Reached skill level 5 in Shields
 25479 | Orc:1    | Entered Level 1 of the Orcish Mines
 25740 | Orc:2    | Entered Level 2 of the Orcish Mines
 25836 | Orc:2    | Noticed Donald
 26103 | Orc:2    | Found a staircase to the Elven Halls.
 26758 | Orc:2    | Found Jaupt's Assorted Antiques.
 26762 | Orc:2    | Found Zeoz's Distillery.
 26762 | Orc:2    | Found Wegelaip's Armour Boutique.
 26776 | Orc:2    | Found Esio's Gadget Shop.
 26782 | Orc:2    | Bought a potion of berserk rage for 65 gold pieces
 26782 | Orc:2    | Bought a potion of agility for 52 gold pieces
 26782 | Orc:2    | Bought a potion of heal wounds for 65 gold pieces
 26782 | Orc:2    | Bought a potion of berserk rage for 65 gold pieces
 26785 | Orc:2    | Bought a scroll of identify for 48 gold pieces
 27069 | Orc:2    | Killed Donald
 27399 | Spider:1 | Entered Level 1 of the Spider Nest
 27631 | Spider:1 | Received a gift from Trog
 28506 | Spider:1 | Reached skill level 10 in Shields
 29684 | Spider:2 | Noticed Jorgrun
 29698 | Spider:2 | Killed Jorgrun
 29947 | Spider:2 | Reached ****** piety under Trog
 30405 | Spider:2 | Reached XP level 18. HP: 158/162 MP: 24/26
 30630 | Spider:2 | Received a gift from Trog
 30741 | Spider:3 | Noticed Azrael
 30994 | Spider:3 | Killed Azrael
 31156 | Spider:3 | Received a gift from Trog
 31968 | Spider:4 | Entered Level 4 of the Spider Nest
 32421 | Spider:4 | Reached skill level 15 in Shields
 32750 | Spider:4 | Noticed Arachne
 32792 | Spider:4 | Killed Arachne
 33131 | Spider:4 | Received a gift from Trog
 33207 | Spider:4 | Reached skill level 15 in Long Blades
 33305 | Spider:4 | Reached skill level 15 in Armour
 33912 | Spider:4 | Paralysed by a hornet for 2 turns
 34213 | Spider:4 | Reached skill level 20 in Fighting
 34968 | Spider:4 | Got a gossamer rune of Zot
 35326 | Shoals:1 | Entered Level 1 of the Shoals
 35833 | Shoals:1 | Reached XP level 19. HP: 154/169 MP: 16/27
 36355 | Shoals:2 | Noticed Kirke
 36370 | Shoals:2 | Received a gift from Trog
 36378 | Shoals:2 | Killed Kirke
 36767 | Shoals:2 | Found Gexuifax's Food Shop.
 37678 | Shoals:3 | Reached skill level 10 in Dodging
 38371 | Shoals:4 | Entered Level 4 of the Shoals
 38453 | Shoals:4 | Noticed Polyphemus
 38478 | Shoals:4 | Killed Polyphemus
 38570 | Shoals:4 | Identified Zootey's Foundations of Witchery
 38981 | Shoals:4 | Received a gift from Trog
 39213 | Shoals:4 | Got a crude silver amulet
 39223 | Shoals:4 | Identified the amulet "Xosm" {Regen+ Int+2} (You found it
                  | on level 4 of the Shoals)
 39295 | Shoals:4 | HP: 12/255 [merfolk javelineer/javelin (14)]
 39298 | Shoals:4 | Hit by a javelin thrown by a merfolk javelineer

Levels and vault maps discovered:
D:1:      scummos_arrival_simple_fountains, layout_loops_ring
D:2:      minmay_chambers_of_ones, layout_loops_corners, first_ration
D:3:      layout_basic, nicolae_overflow_hidden_temple
D:4:      layout_basic, minmay_temple_entry_statues
D:5:      layout_loops_ring, nicolae_sextant, corexii_hall_statues_deadend
D:6:      layout_rooms, overflow_temple_1_default,
          lemuel_zombie_altar_kikubaaqudgha, fedhas_altar_1
D:7:      layout_cave_pods, trog_eyes_of_draining, the_bakery, uniq_harold
D:8:      layout_rooms, nicolae_ru_great_annihilating_truth,
          small_chamber_with_monster, kennysheep_island_fort, uniq_joseph,
          uniq_maurice, uniq_erica
D:9:      layout_gridville, old_standard_altar, kennysheep_mini_moat,
          nicolae_overflow_crystal_walls, enter_bailey_3, minmay_bent
D:10:     layout_cave_pools, uniq_gastronok, uniq_urug, uniq_grum
D:11:     layout_loops_ring, erik_lair_island
D:12:     layout_irregular_city, minmay_liquid_box,
          nicolae_qazlal_style_of_elements
D:13:     layout_long_grid, nicolae_trove_entry_columns, gammafunk_ghost_grave,
          minivault_16, cheibriados_altar_1
D:14:     layout_roguey [special_room_orc], david_vaults_3
D:15:     hangedman_depths_entry_civil_slaughter, layout_cave_pods,
          nrook_pool_corridor, uniq_agnes
Lair:1:   layout_cave_pods, special_room [special_room_bee],
          infiniplex_staircase_pool
Lair:2:   layout_hall_layers, elwin_shoals_entry_rocks,
          gammafunk_ghost_hydra_chop, grunt_megastairs_2
Lair:3:   layout_loops_ring, uniq_fannar
Lair:4:   layout_roguey, spider_nest_entry_funnel_web, gauntlet_entry_generic,
          portal_ice_cave_rime, minmay_lair_oklob_items, st_stairs_11,
          uniq_josephine
Lair:5:   layout_long_grid, slime_altar_2, bobbens_ice_dragon_lair,
          lemuel_fruit_tree
Lair:6:   cheibrodos_lair_end_hotspot, layout_misc_corridors, uniq_nessos
Shoals:1: layout_shoals, nicolae_shoals_dead_sea_scrolls
Shoals:2: layout_shoals, serial_shops, nicolae_shop_stone, st_sunken_huts,
          uniq_kirke
Shoals:3: layout_shoals
Shoals:4: shoals_end_simple, layout_shoals,
          nicolae_shoals_siren_and_animal_friends, uniq_polyphemus
Spider:1: layout_chambers
Spider:2: layout_spider_delve, uniq_jorgrun
Spider:3: layout_spider_delve, uniq_azrael
Spider:4: spider_rune_water, minmay_another_anthill, uniq_arachne
Orc:1:    layout_caves
Orc:2:    st_orc_mages, layout_caves, nicolae_orc_flooded_monolith,
          statue_in_the_mist_lemuel, uniq_donald

Skill      XL: |  1  2  3  4  5  6  7  8  9 10 11 12 13 14 15 16 17 18 19 |
---------------+----------------------------------------------------------+-----
Fighting       | 4 5 6 7 8 9 11 12 15 17 18 19 20 | 20.5
Armour         | 3 4 5 6 8 10 12 14 15 16 | 16.9
Dodging        | 3 4 5 6 7 8 9 10 | 10.5
Maces & Flails | 1 2 3 4 |  4.5
Long Blades    | 5 8 10 14 15 16 | 16.0
Evocations     | 7 8 11 12 | 12.5
Shields        | 12 15 | 15.0
Axes           | |  3.6

Action                   |  1- 3 |  4- 6 |  7- 9 | 10-12 | 13-15 | 16-18 | 19-21 || total
-------------------------+-------+-------+-------+-------+-------+-------+-------++-------
Melee: Hand axe          |    85 |       |       |       |       |       |       ||    85
       Whip              |    62 |   201 |   194 |       |       |       |       ||   457
       Scimitar          |       |       |   102 |   152 |     8 |    20 |       ||   282
       Demon blade       |       |       |       |   343 |   246 |  1506 |   451 ||  2546
       Triple sword      |       |       |       |       |       |   109 |       ||   109
Invok: Berserk           |     1 |     3 |     2 |    10 |     4 |     6 |     1 ||    27
       Trog's Hand       |       |       |     1 |     2 |     2 |     4 |     2 ||    11
       Brothers in Arms  |       |       |       |     2 |     2 |     9 |     1 ||    14
 Abil: Hop               |       |       |       |       |     1 |     4 |     1 ||     6
Evoke: Wand              |       |       |       |       |       |    21 |     7 ||    28
  Use: Scroll            |       |       |       |    22 |     9 |    17 |       ||    48
       Potion            |       |       |       |     2 |     2 |     2 |       ||     6
 Stab: Sleeping          |       |     2 |       |       |       |       |       ||     2
       Paralysed         |       |       |       |     1 |       |       |       ||     1
       Held in net/web   |       |       |       |       |       |     2 |       ||     2
       Distracted        |       |       |       |       |       |     1 |       ||     1
  Eat: Chunk             |     3 |    11 |    14 |    22 |     6 |    21 |    10 ||    87
       Ration            |       |     1 |     3 |     4 |     4 |    15 |     1 ||    28
Armor: Animal skin       |    61 |     8 |       |       |       |       |       ||    69
       Scale mail        |       |    46 |    62 |    23 |    71 |     1 |       ||   203
       Acid dragon scale |       |       |    50 |    79 |       |       |       ||   129
       Chain mail        |       |       |       |    55 |       |       |       ||    55
       Plate armour      |       |       |       |       |       |   816 |   258 ||  1074
Dodge: Dodged            |   146 |   102 |   192 |   324 |   121 |   673 |   220 ||  1778
Block: Shield            |       |       |       |       |       |   502 |   338 ||   840
       Buckler           |       |       |       |       |       |    34 |       ||    34
       Reflection        |       |       |       |       |       |     3 |    31 ||    34
       Rpst.: Scimitar   |       |       |    28 |    21 |       |       |       ||    49
       Demon blade       |       |       |       |    80 |    28 |   143 |    44 ||   295
       Triple sword      |       |       |       |       |       |    13 |       ||    13

Table legend:
 A = Non-vault XP
 B = Vault XP
 C = Vault XP percentage of total XP
 D = Non-vault monster count
 E = Vault monster count
 F = Vault count percentage of total count
                 A         B        C        D         E       F
            +---------+---------+-------+---------+---------+-------
      Total |  184434 |  122809 |  40.0 |     820 |     380 |  31.7
            +---------+---------+-------+---------+---------+-------
        D:1 |      55 |       0 |   0.0 |      31 |       0 |   0.0
        D:2 |      41 |      22 |  34.9 |      19 |       5 |  20.8
        D:3 |      67 |       0 |   0.0 |      19 |       0 |   0.0
        D:4 |     251 |       0 |   0.0 |      17 |       0 |   0.0
        D:5 |     760 |       0 |   0.0 |      20 |       0 |   0.0
        D:6 |     921 |       8 |   0.9 |      22 |       4 |  15.4
        D:7 |    1475 |    1608 |  52.2 |      28 |       5 |  15.2
        D:8 |    2613 |    1472 |  36.0 |      26 |       7 |  21.2
        D:9 |    2123 |     409 |  16.2 |      21 |      11 |  34.4
       D:10 |    3575 |    3650 |  50.5 |      31 |       7 |  18.4
       D:11 |    4342 |     734 |  14.5 |      33 |       5 |  13.2
       D:12 |    5052 |       0 |   0.0 |      48 |       0 |   0.0
       D:13 |    7389 |       0 |   0.0 |      42 |       0 |   0.0
       D:14 |    9662 |    7848 |  44.8 |      37 |      46 |  55.4
       D:15 |    4642 |    6745 |  59.2 |      13 |       7 |  35.0
     Lair:1 |    4619 |    1492 |  24.4 |      17 |      20 |  54.1
     Lair:2 |    6548 |     904 |  12.1 |      12 |       3 |  20.0
     Lair:3 |    2688 |    1007 |  27.3 |      13 |       1 |   7.1
     Lair:4 |    1680 |    5929 |  77.9 |       7 |      15 |  68.2
     Lair:5 |    4551 |    1109 |  19.6 |      18 |       6 |  25.0
     Lair:6 |    6664 |   10372 |  60.9 |      25 |      28 |  52.8
   Shoals:1 |   14667 |       0 |   0.0 |      34 |       0 |   0.0
   Shoals:2 |   10550 |    9157 |  46.5 |      19 |      13 |  40.6
   Shoals:3 |   13388 |       0 |   0.0 |      30 |       0 |   0.0
   Shoals:4 |    3572 |   22345 |  86.2 |       6 |      33 |  84.6
   Spider:1 |   15060 |       0 |   0.0 |      41 |       0 |   0.0
   Spider:2 |   24732 |    3094 |  11.1 |      70 |       3 |   4.1
   Spider:3 |   16702 |    1904 |  10.2 |      40 |       6 |  13.0
   Spider:4 |   10376 |   30588 |  74.7 |      20 |      69 |  77.5
      Orc:1 |    2798 |       0 |   0.0 |      27 |       0 |   0.0
      Orc:2 |    2871 |    6448 |  69.2 |      34 |      43 |  55.8
     Bailey |       0 |    1720 | 100.0 |       0 |      27 | 100.0
   Gauntlet |       0 |    4244 | 100.0 |       0 |      16 | 100.0
            +---------+---------+-------+---------+---------+-------
